 Dungeon Crawl Stone Soup version 0.27.0-1-g7a089689b8 (webtiles) character file.

Game seed: 3559457182206835345

7 garrulousMonolith the Gusty (level 1, 0/14 HPs)
             Began as a Draconian Air Elementalist on Aug 2, 2021.
             Hit by a stone thrown by a kobold (1 damage)
             ... on level 1 of the Dungeon.
             The game lasted 00:01:18 (318 turns).

garrulousMonolith the Gusty (DrAE)                   Turns: 318, Time: 00:01:19

Health: 0/14       AC:  4    Str: 10    XL:     1   Next: 83%
Magic:  1/3        EV: 12    Int: 15    God:
Gold:   22         SH:  0    Dex: 11    Spells: 3/4 levels left

rFire    . . .     SeeInvis .   (no weapon)
rCold    . . .     Faith    .   (no shield)
rNeg     . . .     Spirit   .   (armour unavailable)
rPois    .         Reflect  .   (helmet restricted)
rElec    .         Harm     .   (no cloak)
rCorr    .         Rampage  .   (no gloves)
Will     .....                  (no boots)
Stlth    ++........             (no amulet)
HPRegen  0.04/turn              (no ring)
MPRegen  0.08/turn              (no ring)

@: no status effects
A: AC +4, unfitting armour, cold-blooded
a: no special abilities


You were on level 1 of the Dungeon.
You visited 1 branch of the dungeon, and saw 1 of its levels.

You collected 22 gold pieces.

Inventory:

Scrolls
 a - a scroll of identify {unknown}


   Skills:
 + Level 0.2 Fighting
 + Level 1.9 Dodging
 - Level 1.7 Stealth
 + Level 2.0 Spellcasting
 * Level 1.2 Conjurations
 * Level 3.1 Air Magic


You had 3 spell levels left.
You knew the following spells:

 Your Spells              Type           Power      Damage    Failure   Level
a - Shock                 Conj/Air       32%        1d5       9%          1

Your spell library contained the following spells:

 Spells                   Type           Power      Damage    Failure   Level
 Static Discharge         Conj/Air       8%         N/A       14%         2
 Swiftness                Air            11%        N/A       19%         3
 Mephitic Cloud           Conj/Pois/Air  5%         N/A       36%         3
 Ignite Poison            Fire/Tmut/Pois 1%         N/A       54%         3
 Airstrike                Air            5%         N/A       52%         4
 Bolt of Magma            Conj/Fire/Erth 1%         4d4       99%         5


Dungeon Overview and Level Annotations

Branches:
Dungeon (1/15)

Altars:


Innate Abilities, Weirdness & Mutations

Your plain brown scales are hard. (AC +4)
You cannot fit into any form of body armour.
You are cold-blooded and may be slowed by cold attacks.


Message History

You closely miss the ball python.
The ball python is heavily wounded.
The bat hits you but does no damage. The ball python closely misses you.
* * * LOW HITPOINT WARNING * * *
The ball python constricts you.
You aren't carrying any potions.
You escape the ball python's grasp.
The bat closely misses you.
Casting: Shock (safe; 9% risk of failure)
Confirm with . or Enter, or press ? or * to list all spells.
Aiming: Shock (safe; 9% risk of failure)
Press: ? - help, Shift-Dir - straight line The zap misses the bat.
The zap hits the bat.
You kill the bat!
The ball python closely misses you. The ball python barely misses you.
The ball python bites you.
* * * LOW HITPOINT WARNING * * *
The ball python closely misses you.
Casting: Shock (safe; 9% risk of failure)
Confirm with . or Enter, or press ? or * to list all spells.
Aiming: Shock (safe; 9% risk of failure)
Press: ? - help, Shift-Dir - straight line, f - ball python
Aim: a ball python (moderately wounded, 64% to hit)
The zap misses the ball python.
The ball python completely misses you. The ball python misses you.
An endoplasm comes into view.
The ball python bites you but does no damage.
The ball python grabs you.
* * * LOW HITPOINT WARNING * * *
The ball python constricts you.
Found a cyan potion.
You escape the ball python's grasp.
An endoplasm comes into view.
A kobold comes into view. It is wielding a +0 short sword.
The kobold shouts!
The kobold throws a stone.
The stone hits you but does no damage. The ball python closely misses you.
The ball python grabs you. The ball python constricts you.
You escape the ball python's grasp.
The kobold throws a stone.
The stone hits you.
You die...

.......##.#..######...
#.....#.....#..# #...
#...(.#+###.#..# #...
#.....K..##.#..######...
#........# #...........
#........# ##K########.
........#####.# .# #.
#....KJ..#.#...## ##
##.@S###.........# #
#...# #.........# #...#
##.J.J....# #####
#..!.....# #........#
#........# #........#
#........


You could see an endoplasm, a ball python and 2 kobolds.

Vanquished Creatures
  A ball python (D:1)
  A goblin (D:1)
  2 hobgoblins (D:1)
  A bat (D:1)
  A rat (D:1)
6 creatures vanquished.

Notes
Turn   | Place    | Note
-------+----------+-------------------------------------------
     0 | D:1      | garrulousMonolith the Draconian Air Elementalist began the
                  | quest for the Orb.
     0 | D:1      | Reached XP level 1. HP: 14/14 MP: 3/3
   318 | D:1      | Hit by a stone thrown by a kobold

Illustrated notes

Levels and vault maps discovered:
D:1:      minmay_arrival_radiant_lines, layout_basic,
          shapermc_ecumenical_altar_notcrosses

Action                   || total
-------------------------++-------
Melee: Unarmed           ||    22
       Tailslap          ||     2
 Cast: Shock             ||    14
Armor: Skin              ||    22
Dodge: Dodged            ||    33
